Selects Special Operations Battlegroup
Construct Medical Station
Mechanized Support Center
Construct Weapon Support Center
Improved M9 Bazooka Rockets
Selects SSF Commando Squad
M1918 Browning Automatic Rifles
Selects Assault Operation
Selects M29 Weasel with M1 Pack Howitzer
Selects P-47 Anti-Infantry Loiter
Selects UNKNOWN (2162291)
P-47 Anti-Infantry Loiter
P-47 Anti-Infantry Loiter
P-47 Anti-Infantry Loiter